 Dungeon Crawl Stone Soup version 0.25.1-2-g60ff931df9 (webtiles) character file.

Game seed: 1305771189080914970

12259 Delamore the Basher (level 11, -3/60 HPs)
             Began as a Gargoyle Fighter on Aug 2, 2020.
             Was a High Priest of Okawaru.
             Slain by a spiny frog (15 damage)
             ... on level 4 of the Lair of Beasts.
             The game lasted 00:15:46 (15183 turns).

Delamore the Basher (Gargoyle Fighter)             Turns: 15183, Time: 00:15:46

Health: -3/60      AC: 29    Str: 22    XL:     11   Next: 90%
Magic:  11/11      EV: 11    Int: 10    God:    Okawaru [*****.]
Gold:   565        SH: 13    Dex:  9    Spells: 8/10 levels left

rFire    . . .     SeeInvis .   H - +2 mace (protect)
rCold    . . .     Gourm    .   c - +0 kite shield
rNeg     + . .     Faith    +   b - +3 chain mail
rPois    ∞         Spirit   .   (no helmet)
rElec    +         Reflect  .   (no cloak)
rCorr    .         Harm     .   m - +0 pair of gloves
MR       +....                  j - +0 pair of boots
Stlth    ..........             J - amulet of faith
HPRegen  0.20/turn              A - +4 ring of evasion
MPRegen  0.12/turn              y - ring of protection from magic

@: protection aura
A: negative energy resistance 1, electricity resistance, unbreathing,
petrification resistance, rot immunity, AC +8
a: Heroism, Finesse, Renounce Religion


You were on level 4 of the Lair of Beasts.
You worshipped Okawaru.
Okawaru was extremely pleased with you.
You were not hungry.

You visited 3 branches of the dungeon, and saw 14 of its levels.

You collected 612 gold pieces.
You spent 47 gold pieces at shops.

Inventory:

Hand Weapons
 F - a +0 morningstar
 H - a +2 mace of protection (weapon)
Missiles
 q - 43 poisoned darts
 L - 10 curare-tipped darts (quivered)
Armour
 b - a +3 chain mail (worn)
 c - a +0 kite shield (worn)
 j - a +0 pair of boots (worn)
 m - a +0 pair of gloves (worn)
Jewellery
 g - an uncursed amulet of guardian spirit {unknown}
 l - an uncursed ring of protection from fire
 y - a ring of protection from magic (right hand)
 A - a +4 ring of evasion (left hand)
 G - an uncursed amulet of reflection
 J - an amulet of faith (around neck)
Wands
 t - a wand of random effects (9)
Scrolls
 e - 2 scrolls of teleportation
 k - 5 scrolls of remove curse
 n - a scroll of magic mapping {unknown}
 p - a scroll of fear {unknown}
 r - a scroll of immolation {unknown}
 u - 3 scrolls of fog
 B - a scroll of amnesia
 D - 2 scrolls of enchant weapon {unknown}
 E - a scroll of blinking
 I - 5 scrolls of enchant armour
 K - 3 scrolls of identify
Potions
 a - 2 potions of haste {unknown}
 d - 3 potions of might
 h - 2 potions of degeneration {unknown}
 i - 2 potions of berserk rage
 o - 5 potions of curing
 s - 2 potions of flight
 v - a potion of heal wounds
 w - a potion of stabbing {unknown}
 x - 3 potions of ambrosia
 z - a potion of lignification {unknown}
 C - a potion of brilliance {unknown}
Miscellaneous
 M - a phantom mirror
Comestibles
 f - 14 rations
 N - a chunk of flesh


   Skills:
 - Level 3.2 Fighting
 - Level 14.0 Maces & Flails
 - Level 3.2 Armour
 + Level 13.0 Shields


You had 8 spell levels left.
You knew the following spells:

 Your Spells              Type           Power        Failure   Level  Hunger
a - Blink                 Tloc           N/A          99%         2    ###....

Your spell library contained the following spells:

 Spells                   Type           Power        Failure   Level  Hunger
 Corona                   Hex            #......      99%         1    ##.....
 Magic Dart               Conj           #...         99%         1    ##.....
 Call Imp                 Summ           #.......     99%         2    ###....
 Ensorcelled Hibernation  Hex/Ice        #.....       99%         2    ###....
 Slow                     Hex            #.......     99%         2    ###....
 Confusing Touch          Hex            #.......     100%        3    ####...
 Conjure Flame            Conj/Fire      #.......     100%        3    ####...
 Dazzling Flash           Conj/Hex       #.....       100%        3    ####...
 Mephitic Cloud           Conj/Pois/Air  #.......     100%        3    ####...
 Tukima's Dance           Hex            #.......     100%        3    ####...


Dungeon Overview and Level Annotations

Branches:
Dungeon (9/15)             Temple (1/1) D:7            Lair (4/6) D:9
 Spider (0/4) Lair:4
  Swamp: Lair:2-4    Shoals: Lair:2-4       Orc: D:9-12

Altars:
Ashenzari
Cheibriados
Dithmenos
Elyvilon
Fedhas
Gozag
Hepliaklqana
Kikubaaqudgha
Makhleb
Nemelex Xobeh
Okawaru
Qazlal
Ru
Sif Muna
Trog
Uskayaw
Vehumet
Wu Jian
Xom
Yredelemnul
Zin
The Shining One

Shops:
D:8 *


Innate Abilities, Weirdness & Mutations

You are resistant to torment.
Your stone body is resilient. (AC +8)
You are immune to poison.
You resist negative energy. (rN+)
You are resistant to electric shocks. (rElec)
You can survive without breathing.
You are immune to petrification.
You are immune to rotting.


Message History

* * * LOW HITPOINT WARNING * * *
You closely miss the redback.
The redback is almost dead.
The redback bites you!
* * * LOW HITPOINT WARNING * * *
You hit the redback.
You kill the redback!
Okawaru accepts your kill. The spiny frog barely misses you.
You closely miss the spiny frog.
The spiny frog stings you but does no damage.
You hit the spiny frog but do no damage.
The spiny frog closely misses you.
You hit the spiny frog.
The spiny frog is lightly wounded.
You block the spiny frog's attack.
You hit the spiny frog but do no damage.
The spiny frog is lightly wounded.
The spiny frog stings you!
You die...

###..#.##.##..#
#....#..#..#.##
^.......÷...†#
.##..#...#..## #
####.##....# #.
#..#..#...# ##..
###.........# .^.>#
#.†##.###..##
#..#.^.##@### #.(#
#^....##F.#####....
...^.^.^......#..
.P ^#.^#...%.......
. .. ##.........< ?
#........#.
####...##.. ##..# .
##..


You could see a spiny frog.

Vanquished Creatures
  A two-headed ogre (D:8)
  Psyche (D:8)
  Maurice (D:8)
  2 spiny frogs
  A torpor snail (Lair:3)
  A komodo dragon (Lair:4)
  Maggie (D:8)
  A polar bear (Lair:4)
  A troll (D:7)
  2 hippogriffs (D:9)
  A redback (Lair:4)
  Sigmund (D:2)
  A basilisk (D:9)
  13 yaks
  A hungry ghost (D:8)
  3 vampire mosquitoes (Lair:1)
  Grum (D:9)
  3 insubstantial wisps (Lair:1)
  9 porcupines
  6 water moccasins
  2 sky beasts
  A black bear (D:7)
  A swamp drake (Lair:1)
  2 orc warriors
  3 ogres
  2 wolves (D:9)
  2 centaurs
  A necrophage (D:8)
  7 crocodiles
  2 big kobolds
  A gnoll sergeant (D:9)
  6 bullfrogs
  2 scorpions
  2 electric eels (D:8)
  5 crimson imps
  A centaur zombie (D:7)
  5 hounds
  2 centaur skeletons
  A jelly (D:6)
  5 orc priests
  6 orc wizards
  2 iguanas
  10 worker ants
  A killer bee zombie (D:7)
  A hound zombie (D:8)
  A hound skeleton (D:9)
  4 gnolls (D:9)
  9 adders
  5 shadow imps
  2 adder skeletons
  5 worms
  6 leopard geckos
  28 orcs
  10 bats
  5 giant cockroaches
  7 hobgoblins
  11 jackals
  16 kobolds
  4 quokkas
  3 ball pythons
  5 frilled lizards
  7 goblins
  3 quokka skeletons
  8 rats
263 creatures vanquished.

Vanquished Creatures (others)
  A vampire mosquito (Lair:1)
  An orc wizard (D:9)
  A bush (D:9)
  6 fungi
  14 plants (D:9)
23 creatures vanquished.

Grand Total: 286 creatures vanquished

Notes
Turn   | Place    | Note
-------+----------+-------------------------------------------
     0 | D:1      | Delamore the Gargoyle Fighter began the quest for the Orb.
     0 | D:1      | Reached XP level 1. HP: 14/14 MP: 1/1
   196 | D:1      | Reached XP level 2. HP: 19/19 MP: 2/2
   517 | D:1      | Reached skill level 3 in Maces & Flails
   603 | D:2      | Noticed Sigmund
  1443 | D:2      | Reached XP level 3. HP: 21/23 MP: 3/3
  1471 | D:2      | Found a shadowy altar of Dithmenos.
  1991 | D:3      | Reached skill level 4 in Maces & Flails
  2135 | D:3      | Reached XP level 4. HP: 28/28 MP: 4/4
  2188 | D:3      | Found a white marble altar of Elyvilon.
  2188 | D:3      | Found an opulent altar of Gozag.
  2189 | D:3      | Found a shimmering blue altar of Sif Muna.
  2725 | D:3      | Reached skill level 5 in Maces & Flails
  2725 | D:3      | Reached XP level 5. HP: 22/32 MP: 5/5
  3068 | D:3      | Found an opulent altar of Gozag.
  3487 | D:2      | Killed Sigmund
  3487 | D:2      | Reached skill level 6 in Maces & Flails
  3487 | D:2      | Reached XP level 6. HP: 26/37 MP: 6/6
  4458 | D:4      | Reached skill level 7 in Maces & Flails
  4710 | D:4      | Found a bloodstained altar of Trog.
  4711 | D:4      | Found a burning altar of Makhleb.
  4738 | D:4      | Reached XP level 7. HP: 39/41 MP: 7/7
  5106 | D:5      | Entered Level 5 of the Dungeon
  5441 | D:5      | Reached skill level 8 in Maces & Flails
  6030 | D:6      | Found a hide-covered altar of Uskayaw.
  6039 | D:6      | Found a blossoming altar of Fedhas.
  6042 | D:6      | Found a glowing golden altar of the Shining One.
  6045 | D:6      | Found a basalt altar of Yredelemnul.
  6120 | D:6      | Reached skill level 9 in Maces & Flails
  6120 | D:6      | Reached XP level 8. HP: 27/46 MP: 8/8
  6664 | D:6      | You fall into a shaft and drop 2 floors!
  6664 | D:8      | Found Xumnenen's Assorted Antiques.
  6675 | D:8      | Noticed Psyche
  6690 | D:8      | Killed Psyche
  6690 | D:8      | Reached skill level 10 in Maces & Flails
  6736 | D:8      | Bought a scroll labeled FAONWI MEGA for 25 gold pieces
  6736 | D:8      | Bought an emerald potion for 22 gold pieces
  6904 | D:8      | Reached skill level 11 in Maces & Flails
  7065 | D:8      | Noticed Maurice
  7070 | D:8      | Reached XP level 9. HP: 50/51 MP: 9/9
  7690 | D:9      | Reached skill level 12 in Maces & Flails
  7969 | D:7      | Found a staircase to the Ecumenical Temple.
  7994 | Temple   | Entered the Ecumenical Temple
  8057 | Temple   | Became a worshipper of Warmaster Okawaru
  8168 | D:7      | Noticed a two-headed ogre
  8170 | D:7      | Noticed a troll
  8189 | D:8      | Reached skill level 13 in Maces & Flails
  8209 | D:7      | Killed a troll
  8221 | D:7      | HP: 3/76 [killer bee zombie (4)]
  8229 | D:7      | Reached XP level 10. HP: 4/56 MP: 10/10
  8288 | D:7      | Reached * piety under Okawaru
  9417 | D:6      | Reached skill level 14 in Maces & Flails
  9860 | D:8      | Noticed Maggie
  9877 | D:8      | Killed Maggie
  9965 | D:8      | Killed a two-headed ogre
  9965 | D:8      | Reached ** piety under Okawaru
 10245 | D:8      | Killed Maurice
 10852 | D:9      | Found a staircase to the Lair.
 10868 | D:9      | Reached *** piety under Okawaru
 10900 | D:9      | Reached XP level 11. HP: 25/60 MP: 11/11
 11302 | D:9      | Noticed Grum
 11322 | D:9      | Reached skill level 10 in Shields
 11335 | D:9      | Killed Grum
 11712 | D:9      | Found a shimmering altar of Xom.
 11713 | D:9      | Found a hazy altar of Hepliaklqana.
 11894 | Lair:1   | Entered Level 1 of the Lair of Beasts
 12272 | Lair:1   | Reached **** piety under Okawaru
 13885 | Lair:2   | Got a transparent scale mail
 13896 | Lair:2   | Identified the +1 scale mail "Mexan" {+Inv rF- Int+2 Dex+5}
                  | (You found it on level 2 of the Lair of Beasts)
 14278 | Lair:3   | Reached ***** piety under Okawaru
 14818 | Lair:3   | Learned a level 2 spell: Blink
 15162 | Lair:4   | Found a hole to the Spider Nest.
 15183 | Lair:4   | Slain by a spiny frog

Illustrated notes

Levels and vault maps discovered:
D:1:      mrwooster_arrival_statue_2, layout_basic, roderic_lattice_a,
          minmay_curled_crystal
D:2:      layout_basic, nicolae_overflow_hidden_temple, kennysheep_potato,
          uniq_sigmund
D:3:      layout_loops_ring, chequers_temple_overflow_statue_of_worship,
          minivault_4, minmay_strange_pillars, grunt_gozag_breadcrumbs
D:4:      layout_gridville, gammafunk_temple_overflow_pools, first_ration
D:5:      layout_basic, minivault_27, grunt_ministairs_12, eino_curves_01
D:6:      layout_loops_corners, grunt_temple_overflow_cloverleaf
D:7:      cheibrodos_fzero, layout_gridville, minmay_temple_entry_trees
D:8:      layout_basic, serial_bayou, serial_bayou_lagoon_a,
          serial_bayou_pond_b, serial_bayou_shore_a, serial_bayou_pond_e,
          serial_shops, nicolae_shop_overgrown_old_shop, uniq_psyche,
          uniq_maurice, uniq_maggie
D:9:      layout_loops_ring, regret_index_temple_of_mockery,
          minmay_lair_entry_grove, uniq_grum
Temple:   cyrus_temple_forest
Lair:1:   layout_regular_city, chequers_serial_rivers_small_3, st_stairs_3,
          pond, lemuel_fruit_tree
Lair:2:   layout_concentric_octagons, chequers_serial_rivers_marsh
Lair:3:   layout_cave_pods, grunt_megastairs_3
Lair:4:   layout_loops_ring, elwin_shoals_entry_stream,
          spider_nest_entry_rubble, gammafunk_ghost_icy, eino_house_with_fridge,
          uniq_rupert

Skill      XL: |  1  2  3  4  5  6  7  8  9 10 11 |
---------------+----------------------------------+-----
Maces & Flails | 3 4 5 6 7 9 11 13 14 | 14.0
Shields        | 9 13 | 13.0
Fighting       | |  3.2
Armour         | |  3.2

Action                   |  1- 3 |  4- 6 |  7- 9 | 10-12 || total
-------------------------+-------+-------+-------+-------++-------
Melee: Flail             |   154 |   214 |   480 |   159 ||  1007
       Mace              |       |       |       |   708 ||   708
       Morningstar       |       |       |       |    24 ||    24
Throw: Dart              |       |     5 |       |    32 ||    37
  Use: Scroll            |       |       |    10 |     2 ||    12
       Potion            |       |       |     2 |       ||     2
 Stab: Invisible         |       |       |     1 |       ||     1
  Eat: Chunk             |     3 |    10 |     7 |    21 ||    41
       Ration            |       |       |     1 |     2 ||     3
Armor: Scale mail        |   106 |   114 |       |       ||   220
       Chain mail        |       |    29 |   345 |   325 ||   699
Dodge: Dodged            |    70 |    79 |   113 |   217 ||   479
Block: Kite shield       |   111 |   118 |   210 |   486 ||   925
       Reflection        |       |       |       |     2 ||     2
